 Dungeon Crawl Stone Soup version 0.31-a0-986-g5e6e4ef867 (webtiles) character file.

Game seed: 1453392144100541034

28 wildpjah the Slasher (level 3, 0/28 HPs)
             Began as a Merfolk Gladiator on Nov 17, 2023.
             Was a Follower of Nemelex Xobeh.
             Frozen to death by an endoplasm (3 damage)
             ... on level 2 of the Dungeon.
             The game lasted 00:02:36 (1135 turns).

wildpjah the Slasher (Merfolk Gladiator)            Turns: 1135, Time: 00:02:38

Health: 0/28       AC:  4    Str: 14    XL:     3   Next: 14%
Magic:  12/12      EV: 13    Int:  7    God:    Nemelex Xobeh [*.....]
Gold:   24         SH:  0    Dex: 17    Spells: 2/2 levels left

rFire   . . .        a - +0 long sword
rCold   . . .        (no shield)
rNeg    . . .        b - +0 leather armour
rPois   .            c - +0 helmet
rElec   .            (no cloak)
rCorr   .            (no gloves)
SInv    .            (no boots)
Will    .....        (no amulet)
Stlth   +            g - ring of magical power
HPRegen 0.24/turn    (no ring)
MPRegen 0.13/turn

%: no passive effects
@: no status effects
A: (nimble swimmer 2), mertail
a: Renounce Religion, Draw Escape, Draw Destruction, Draw Summoning


You were on level 2 of the Dungeon.
You worshipped Nemelex Xobeh.
Nemelex Xobeh was aware of your devotion.
You visited 1 branch of the dungeon, and saw 2 of its levels.

You collected 24 gold pieces.

Inventory:

Hand Weapons
 a - a +0 long sword (weapon)
Missiles
 d - 3 throwing nets (quivered)
 e - a javelin
Armour
 b - a +0 leather armour (worn)
 c - a +0 helmet (worn)
Jewellery
 g - a ring of magical power (left hand)
Scrolls
 h - a scroll of teleportation {unknown}
 i - a scroll of noise {unknown}
 j - a scroll of enchant weapon {unknown}
Potions
 f - a potion of heal wounds {unknown}


   Skills:
 + Level 2.4 Fighting
 + Level 4.5 Long Blades
 + Level 2.2 Throwing
 + Level 4.2 Dodging


You had 2 spell levels left.
You didn't know any spells.
Your spell library contained the following spells:

 Spells                   Type           Power      Damage    Failure   Level
 Confusing Touch          Hex            0%         N/A       87%         3
 Inner Flame              Hex/Fire       0%         N/A       87%         3
 Mephitic Cloud           Conj/Pois/Air  0%         N/A       87%         3
 Anguish                  Hex/Necr       0%         N/A       99%         4
 Leda's Liquefaction      Hex/Erth       0%         N/A       99%         4


Dungeon Overview and Level Annotations

Branches:
Dungeon (2/15)

Altars:
Nemelex Xobeh


Innate Abilities, Weirdness & Mutations

((You are very nimble when in or above water. (Stealth+, EV+, Speed+++)))
Your lower body shifts to a powerful aquatic tail in water.


Message History

The orc hits you with a +0 whip. The kobold completely misses you.
Your orb of destruction hits a rock wall.
The orc hits you with a +0 whip. The kobold hits you with a +0 club.
The kobold attacks as it pursues you! The kobold misses you.
The kobold closely misses you. The orc hits you with a +0 whip.
* * * LOW HITPOINT WARNING * * *
A kobold comes into view. It is wielding a +0 dagger.
The kobold shouts!
The kobold attacks as it pursues you! The kobold hits you with a +0 club.
* * * LOW HITPOINT WARNING * * *
The kobold misses you. The kobold attacks as it pursues you!
The kobold hits you but does no damage. The orc attacks as it pursues you!
The orc hits you with a +0 whip.
* * * LOW HITPOINT WARNING * * *
An endoplasm comes into view.
The endoplasm quivers.
The orc attacks as it pursues you! The orc hits you with a +0 whip.
* * * LOW HITPOINT WARNING * * *
The orc misses you. The orc attacks as it pursues you!
The orc hits you with a +0 whip.
* * * LOW HITPOINT WARNING * * *
You slash the orc!
You kill the orc!
You hit the kobold.
The kobold is severely wounded.
The kobold hits you with a +0 club.
* * * LOW HITPOINT WARNING * * *
You hit the kobold.
You kill the kobold!
You slash the endoplasm!
You kill the endoplasm!
You hit the kobold.
You kill the kobold!
You hit the endoplasm.
The endoplasm is severely wounded.
The endoplasm misses you. The endoplasm freezes you.
You are frozen.
You die...
Your body disappears without a glow.

#.###............###.....
##††..........P♣....K.....
#......####.#.....##..####
#.......# #.#...#.##..####
#.........##.#.#.#.........
#.........##.#.#.##JJ.....#
#.........##.#.#...........
#.........# #J#.........
#....##..... #@#.#+######
###.## ..... #.#.# #.#.#
#.#.# #...# #..## ... .##.


You could see an endoplasm.

Vanquished Creatures
  A dart slug (D:2)
  An orc (D:2)
  2 endoplasms
  3 goblins (D:1)
  3 hobgoblins (D:1)
  A quokka (D:2)
  3 bats (D:1)
  5 frilled lizards (D:1)
  4 kobolds
  2 rats
25 creatures vanquished.

Notes
Turn   | Place    | Note
-------+----------+-------------------------------------------
     0 | D:1      | wildpjah the Merfolk Gladiator began the quest for the Orb.
     0 | D:1      | Reached XP level 1. HP: 16/16 MP: 1/1
   234 | D:1      | Reached XP level 2. HP: 21/23 MP: 2/2
   790 | D:1      | Got the Information on the Snake and Ill Luck
   815 | D:1      | Found a faded altar of an unknown god.
   823 | D:1      | Prayed at the altar of an unknown god.
   823 | D:1      | Became a worshipper of Nemelex Xobeh the Trickster
   823 | D:1      | Reached * piety under Nemelex Xobeh
  1096 | D:2      | Received a gift from Nemelex Xobeh
  1103 | D:2      | Reached XP level 3. HP: 26/28 MP: 3/3
  1135 | D:2      | Frozen to death by an endoplasm

Illustrated notes

Levels and vault maps discovered:
D:1:      evilmike_arrival_hilbert_curve, layout_basic,
          hellmonk_ecumenical_altar_crossroads
D:2:      layout_basic, nicolae_eternal_life, serial_park_tiny_1, nrook_uturn,
          uniq_sigmund

Skill      XL: |  1 |
---------------+----+-----
Long Blades    | 4 |  4.5
Fighting       | |  2.4
Throwing       | |  2.2
Dodging        | |  4.2

Action                     || total
---------------------------++-------
  Melee: Long sword        ||    70
 Invoke: Draw Destruction  ||     1
 Armour: Leather armour    ||    46
  Dodge: Dodged            ||    53

Table legend: (Time is in decaauts)
 A = Elapsed time spent in this place.
 B = Non-inter-level travel time spent in this place.
 C = Inter-level travel time spent in this place.
 D = Time resting spent in this place.
 E = Time spent auto-exploring this place.
 F = Levels seen in this place.
 G = Mean time per level.
                   A        B        C        D        E       F      G
               +--------+--------+--------+--------+--------+-----+--------+
         Total |   1147 |   1121 |     26 |      0 |    918 |   2 |  573.5 |
       Dungeon |   1147 |   1121 |     26 |      0 |    918 |   2 |  573.5 |
               +--------+--------+--------+--------+--------+-----+--------+

Top non-repeatable levels by time:
     D:1: 1069 daAuts
     D:2: 78 daAuts
